 Dungeon Crawl Stone Soup version 0.24-a0-493-g7e4ddcd485 (webtiles) character file.

Game seed: 74782592572006940

14151 KristoblXynda the Carver (level 11, -21/82 HPs)
             Began as a Pale Draconian Gladiator on July 12, 2019.
             Was an Elder of Hepliaklqana.
             Killed from afar by a hell hound (28 damage)
             ... with a blast of flame
             ... on level 12 of the Dungeon.
             The game lasted 00:24:42 (14656 turns).

KristoblXynda the Carver (DrGl)                    Turns: 14656, Time: 00:24:42

Health: -21/82     AC:  9    Str: 16    XL:     11   Next: 84%
Magic:  17/17      EV: 14    Int: 17    God:    Hepliaklqana [****..]
Gold:   736        SH:  9    Dex: 12    Spells: 9/10 levels left

rFire    . . .     SeeInvis .   y - +7 scimitar (flame)
rCold    + . .     Gourm    .   p - +0 shield of Midwinter {Int+2}
rNeg     . . .     Faith    .   (armour unavailable)
rPois    .         Spirit   .   b - +1 hat
rElec    .         Reflect  .   h - +0 cloak
rCorr    .         Harm     .   (no gloves)
MR       .....                  (no boots)
Stlth    +.........             (no amulet)
HPRegen  0.23/turn              e - ring of protection from cold
MPRegen  0.15/turn              D - +2 ring of intelligence

@: short of breath
A: breathe steam, unfitting armour, reduced essence, cold-blooded, AC +7
a: Breathe Steam, Recall Ancestor, Ancestor Identity, Transference, Idealise,
Renounce Religion


You were on level 12 of the Dungeon.
You worshipped Hepliaklqana.
Hepliaklqana was greatly pleased with you.
You were not hungry.

You visited 2 branches of the dungeon, and saw 13 of its levels.

You collected 736 gold pieces.

Inventory:

Hand Weapons
 y - a +7 scimitar of flaming (weapon)
Missiles
 c - 2 throwing nets (quivered)
Armour
 b - a +1 hat (worn)
 h - a +0 cloak (worn)
 p - the +0 shield of Midwinter (worn) {Int+2}
   (You took it off an orc on level 7 of the Dungeon)

   It affects your intelligence (+2).
Jewellery
 e - a ring of protection from cold (left hand)
 i - an uncursed ring of wizardry
 n - an uncursed ring of flight
 s - an uncursed ring of stealth
 D - a +2 ring of intelligence (right hand)
Wands
 u - a wand of clouds (4)
 z - a wand of scattershot (8)
 A - a wand of polymorph (6)
 B - a wand of iceblast (6)
 F - a wand of paralysis (10)
 H - a wand of acid (7)
Scrolls
 o - 5 scrolls of remove curse
 r - 5 scrolls of teleportation
 t - a scroll of enchant armour
 w - a scroll of amnesia
 I - 2 scrolls of blinking {unknown}
 L - a scroll of vulnerability {unknown}
Potions
 a - a potion of berserk rage
 f - 6 potions of brilliance
 g - 2 potions of mutation
 j - a potion of magic
 k - 2 potions of might
 l - 6 potions of lignification
 m - 2 potions of resistance
 q - 3 potions of curing
 v - 2 potions of haste
 x - a potion of invisibility
 C - 3 potions of flight
 E - a potion of cancellation {unknown}
 G - 2 potions of agility
 J - a potion of heal wounds
Miscellaneous
 M - a crystal ball of energy
Comestibles
 d - 19 rations


   Skills:
 - Level 7.2 Fighting
 + Level 11.6 Long Blades
 - Level 2.0 Throwing
 - Level 8.2 Dodging
 + Level 5.6 Shields
 + Level 9.3 Invocations
 + Level 5.9 Evocations


You had 9 spell levels left.
You knew the following spells:

 Your Spells              Type           Power        Failure   Level  Hunger
a - Apportation           Tloc           #.....       61%         1    ##.....

Your spell library contained the following spells:

 Spells                   Type           Power        Failure   Level  Hunger
 Animate Skeleton         Necr           N/A          61%         1    ##.....
 Beastly Appendage        Tmut           #.....       61%         1    ##.....
 Magic Dart               Conj           #...         61%         1    ##.....
 Pain                     Necr           #...         61%         1    ##.....
 Blink                    Tloc           N/A          75%         2    ###....
 Call Imp                 Summ           #.......     75%         2    ###....
 Slow                     Hex            #.......     75%         2    ###....
 Sticks to Snakes         Tmut           #.......     75%         2    ###....
 Conjure Flame            Conj/Fire      #.......     93%         3    ####...
 Mephitic Cloud           Conj/Pois/Air  #.......     93%         3    ####...
 Regeneration             Chrm/Necr      #.........   93%         3    ####...
 Spider Form              Tmut/Pois      #.........   93%         3    ####...
 Vampiric Draining        Necr           #.........   93%         3    ####...
 Animate Dead             Necr           N/A          100%        4    #####..
 Ice Form                 Ice/Tmut       #.......     100%        4    #####..
 Blade Hands              Tmut           #.........   100%        5    ######.


Dungeon Overview and Level Annotations

Branches:
Dungeon (12/15)            Temple (1/1) D:5            Lair (0/6) D:10
    Orc (0/2) D:9

Altars:
Ashenzari
Cheibriados
Dithmenos
Elyvilon
Fedhas
Gozag
Hepliaklqana
Kikubaaqudgha
Makhleb
Nemelex Xobeh
Okawaru
Qazlal
Ru
Sif Muna
Trog
Uskayaw
Vehumet
Wu Jian
Xom
Yredelemnul
Zin
The Shining One

Shops:
D:4 ?


Innate Abilities, Weirdness & Mutations

You can breathe blasts of scalding, opaque steam.
Your pale cyan-grey scales are hard. (AC +7)
You cannot fit into any form of body armour.
You are cold-blooded and may be slowed by cold attacks.
Your life essence is reduced to manifest your ancestor. (-10% HP)


Message History

The hell hound breathes flames at you. The blast of flame hits you.
You block the acid dragon's attack.
The acid dragon claws you but does no damage.
Shedsu-nefertum barely misses the acid dragon.
The two-headed ogre hits you with a +0 giant club!!
The two-headed ogre hits you with a +0 giant spiked club!
Unknown command.
You hit the two-headed ogre. You burn the two-headed ogre.
The two-headed ogre is moderately wounded.
The acid dragon closely misses you.
The acid dragon claws you but does no damage.
Shedsu-nefertum hits the acid dragon with a +0 flail.
The acid dragon dies!
The two-headed ogre hits you with a +0 giant club!
* * * LOW HITPOINT WARNING * * *
The two-headed ogre hits you with a +0 giant spiked club!
* * * LOW HITPOINT WARNING * * *
The hell hound breathes flames at you. The blast of flame hits you!!
You die...

....... ..
......... .#
.........##.#
..........#.#.#
........§...#.#
...........§§§#
........§.O§≈§#
....?...R..§§h#
........@...≈h#
..........§.§h#
#...........#.#
##.....<....# #
#########..#
..# .... .....
####


You could see the friendly Shedsu-nefertum the knight, a two-headed ogre and 3
hell hounds.

Vanquished Creatures
  3 two-headed ogres
  Pikel (D:4)
  Maurice (D:9)
  Joseph (D:7)
  A gargoyle (D:7)
  A troll (D:10)
  A hippogriff (D:11)
  Sigmund (D:5)
  3 wyverns (D:10)
  5 yaks
  A hungry ghost (D:11)
  A steam dragon (D:7)
  A soldier ant (D:11)
  4 orc warriors
  A phantom (D:9)
  2 ice beasts
  A swamp drake (D:9)
  A sky beast (D:8)
  3 black bears
  6 ogres
  6 centaurs
  2 big kobolds
  2 crocodiles
  4 bullfrogs
  2 wyvern skeletons
  A water moccasin zombie (D:7)
  4 scorpions
  A wight (D:7)
  2 electric eels (D:10)
  3 crimson imps
  A jelly (D:9)
  Crazy Yiuf (D:4)
  2 bullfrog skeletons
  5 orc priests
  2 hounds (D:11)
  2 centaur skeletons
  3 iguanas
  9 orc wizards
  5 worker ants
  3 howler monkey zombies
  2 howler monkey skeletons
  6 adders
  3 gnolls (D:9)
  2 shadow imps (D:8)
  2 oozes
  An adder zombie (D:7)
  An adder skeleton (D:8)
  3 worms
  A dart slug (D:3)
  4 leopard geckos
  37 orcs
  2 giant cockroaches (D:2)
  8 goblins
  12 hobgoblins
  6 jackals
  2 quokkas (D:8)
  5 bats
  8 frilled lizards
  14 kobolds
  A quokka skeleton (D:4)
  4 rats
  A fungus (D:4)
224 creatures vanquished.

Vanquished Creatures (collateral kills)
  A two-headed ogre (D:9)
  Erica (D:8)
  A manticore (D:11)
  3 trolls
  Prince Ribbit (D:5)
  2 hippogriffs
  A yak (D:11)
  2 acid dragons
  2 orc warriors (D:7)
  A sky beast (D:9)
  An ice beast (D:7)
  2 ogres
  2 centaurs (D:10)
  A crocodile (D:10)
  A big kobold (D:8)
  A gnoll sergeant (D:9)
  A crimson imp (D:9)
  A quasit (D:8)
  2 hounds
  3 jellies
  An orc wizard (D:11)
  A worker ant (D:11)
  A worker ant zombie (D:11)
  An adder (D:9)
  2 gnolls (D:9)
  A leopard gecko (D:5)
  6 orcs
43 creatures vanquished.

Vanquished Creatures (others)
  5 dream sheep (D:5)
  3 knights
  7 ancestors
15 creatures vanquished.

Grand Total: 282 creatures vanquished

Notes
Turn   | Place    | Note
-------+----------+-------------------------------------------
     0 | D:1      | KristoblXynda the Draconian Gladiator began the quest for
                  | the Orb.
     0 | D:1      | Reached XP level 1. HP: 17/17 MP: 1/1
    65 | D:1      | Reached XP level 2. HP: 18/24 MP: 2/2
   975 | D:2      | Reached XP level 3. HP: 28/29 MP: 3/3
  1187 | D:2      | Noticed a scorpion
  1206 | D:2      | Reached skill level 4 in Long Blades
  1228 | D:2      | Reached XP level 4. HP: 15/36 MP: 4/4
  1237 | D:2      | HP: 1/36 [poisoned by a scorpion]
  1591 | D:2      | Found a white marble altar of Elyvilon.
  1591 | D:2      | Found a radiant altar of Vehumet.
  1603 | D:2      | Reached XP level 5. HP: 38/41 MP: 5/5
  1657 | D:2      | Reached skill level 5 in Long Blades
  2944 | D:4      | Noticed a slave
  2944 | D:4      | Noticed a slave
  2945 | D:4      | Noticed Pikel
  2947 | D:4      | Noticed a slave
  2952 | D:4      | Noticed a slave
  2979 | D:4      | Killed Pikel
  2979 | D:4      | Reached skill level 7 in Long Blades
  2979 | D:4      | Reached XP level 6. HP: 19/48 MP: 6/6
  2979 | D:4      | Your scales start taking on a pale cyan-grey colour.
  2979 | D:4      | Reached XP level 7. HP: 21/55 MP: 7/7
  3205 | D:4      | Found a runed translucent door.
  3206 | D:4      | Noticed Crazy Yiuf
  3214 | D:4      | Killed Crazy Yiuf
  3214 | D:4      | Reached skill level 5 in Dodging
  3328 | D:4      | Found Emiros's Magic Scroll Shop.
  3679 | D:5      | Entered Level 5 of the Dungeon
  3698 | D:5      | Found a staircase to the Ecumenical Temple.
  3705 | D:5      | Noticed Sigmund
  3721 | Temple   | Entered the Ecumenical Temple
  3757 | Temple   | Became a worshipper of Hepliaklqana the Forgotten
  3907 | D:5      | Killed Sigmund
  3941 | D:5      | Reached skill level 8 in Long Blades
  3957 | D:5      | Noticed a dream sheep
  3957 | D:5      | Noticed a dream sheep
  3957 | D:5      | Noticed a dream sheep
  3957 | D:5      | Noticed a dream sheep
  3957 | D:5      | Noticed a dream sheep
  3957 | D:5      | Found a shimmering altar of Xom.
  3962 | D:5      | Killed a dream sheep
  3962 | D:5      | Killed a dream sheep
  3963 | D:5      | Killed a dream sheep
  3964 | D:5      | Killed a dream sheep
  3964 | D:5      | Killed a dream sheep
  3983 | D:5      | Reached XP level 8. HP: 53/54 MP: 8/8
  4039 | D:5      | Noticed Prince Ribbit
  4117 | D:5      | Killed Prince Ribbit
  4117 | D:5      | Reached skill level 1 in Invocations
  5420 | D:6      | Found a glowing silver altar of Zin.
  5432 | D:6      | Found an opulent altar of Gozag.
  5506 | D:6      | Reached * piety under Hepliaklqana
  6077 | D:7      | Reached skill level 9 in Long Blades
  6077 | D:7      | Reached XP level 9. HP: 64/64 MP: 11/11
  6673 | D:7      | Found a sacrificial altar of Ru.
  6674 | D:7      | Found a white marble altar of Elyvilon.
  6700 | D:7      | Reached skill level 5 in Fighting
  6791 | D:7      | Noticed a gargoyle
  6831 | D:7      | HP: 1/66 [gargoyle/+0 mace (10)]
  6835 | D:7      | Killed a gargoyle
  6835 | D:7      | Reached skill level 5 in Invocations
  6876 | D:7      | Noticed a two-headed ogre
  6899 | D:7      | Killed a two-headed ogre
  7042 | D:7      | Reached XP level 10. HP: 24/75 MP: 14/14
  7245 | D:7      | Identified the cursed +3 glaive "Wazisez" {flame, +Fly
                  | rElec rC- Stlth+}
  7341 | D:7      | Identified the +0 shield of Midwinter {Int+2}
  7708 | D:7      | Reached skill level 10 in Long Blades
  7840 | D:7      | Found a deep blue altar of Sif Muna.
  7874 | D:7      | Identified Sif Muna's Catalogue of the Traveller
  8005 | D:7      | Noticed Joseph
  8018 | D:7      | Killed Joseph
  8413 | D:8      | Noticed Erica
  8419 | D:8      | Killed Erica
  8804 | D:8      | Found a shattered altar of Ashenzari.
  8822 | D:8      | Found a sparkling altar of Nemelex Xobeh.
  8827 | D:8      | Reached skill level 1 in Shields
  8910 | D:8      | Reached ** piety under Hepliaklqana
  9161 | D:9      | Reached skill level 1 in Evocations
  9174 | D:9      | Noticed a two-headed ogre
  9179 | D:9      | Killed a two-headed ogre
  9438 | D:9      | Noticed a two-headed ogre
  9446 | D:9      | Killed a two-headed ogre
  9446 | D:9      | Reached XP level 11. HP: 59/82 MP: 16/16
  9465 | D:9      | Noticed a two-headed ogre
  9473 | D:9      | HP: 1/82 [two-headed ogre/+0 giant spiked club (15)]
 10051 | D:9      | Killed a two-headed ogre
 10406 | D:9      | Reached skill level 11 in Long Blades
 10444 | D:9      | Remembered your ancestor Shedsu-nefertum as a knight
 10465 | D:9      | HP: 4/82 [orc warrior/+0 hand axe (6)]
 10864 | D:9      | Found a staircase to the Orcish Mines.
 10869 | D:9      | Noticed Maurice
 10878 | D:9      | Killed Maurice
 11479 | D:10     | Entered Level 10 of the Dungeon
 11479 | D:10     | Reached *** piety under Hepliaklqana
 12709 | D:10     | Reached skill level 5 in Evocations
 12981 | D:10     | Found a staircase to the Lair.
 13233 | D:11     | Reached skill level 5 in Shields
 13492 | D:11     | Learned a level 1 spell: Apportation
 14071 | D:11     | Reached **** piety under Hepliaklqana
 14488 | D:11     | Found a glowing silver altar of Zin.
 14649 | D:12     | Noticed a two-headed ogre
 14656 | D:12     | Killed from afar by a hell hound

Levels and vault maps discovered:
D:1:      dpeg_arrival_pits, layout_basic
D:2:      layout_rooms, gammafunk_temple_overflow_wave,
          chequers_serial_rivers_room_b
D:3:      layout_loops_ring
D:4:      layout_basic, first_ration, serial_shops, shop, uniq_pikel,
          uniq_crazy_yiuf_cottage
D:5:      layout_layer_cave, kb_xom_exploding_sheep, temple_pool_b,
          uniq_sigmund, uniq_prince_ribbit1
D:6:      layout_loops_ring, grunt_temple_overflow_gold_and_silver
D:7:      minmay_the_grid_octo_triangle [minmay_the_grid_octo_horde,
          minmay_the_grid_octo_prize_single_spiral,
          minmay_the_grid_octo_vomiting_pacman], layout_loops_corners,
          led_sif_book, grunt_ogre_cave, uniq_joseph
D:8:      layout_rooms, nemelex_xobeh_ov_fountains_minmay, ashenzari_altar_1,
          uniq_erica
D:9:      layout_long_grid, erik_orc_1, uniq_maurice
D:10:     layout_basic, erik_lair_dragon, centaur_isle
D:11:     layout_irregular_city, basic_altar, kennysheep_generic_room_8
D:12:     layout_big_octagon, minmay_rotating_lava
Temple:   eino_temple_lava

Skill      XL: |  1  2  3  4  5  6  7  8  9 10 11 |
---------------+----------------------------------+-----
Throwing       | 2 |  2.0
Dodging        | 3 4 5 6 7 8 |  8.2
Long Blades    | 4 7 8 9 10 11 | 11.6
Invocations    | 3 5 7 9 |  9.3
Fighting       | 4 6 7 |  7.2
Shields        | 3 5 |  5.6
Evocations     | 3 5 |  5.9

Action                   |  1- 3 |  4- 6 |  7- 9 | 10-12 || total
-------------------------+-------+-------+-------+-------++-------
Melee: Long sword        |    79 |   147 |   191 |    43 ||   460
       Tailslap          |    12 |    20 |    34 |    34 ||   100
       Scimitar          |       |       |       |   233 ||   233
Throw: Throwing net      |       |     2 |     1 |       ||     3
Invok: Recall Ancestor   |       |       |     1 |       ||     1
       Ancestor Life: Kn |       |       |       |     1 ||     1
 Abil: Breathe Steam     |       |       |    21 |    17 ||    38
       Evoke Flight      |       |       |       |     3 ||     3
Evoke: Wand              |       |       |       |     7 ||     7
  Use: Scroll            |     3 |     3 |     4 |    12 ||    22
       Potion            |     1 |     4 |     3 |     3 ||    11
 Stab: Sleeping          |     1 |       |     2 |     2 ||     5
       Held in net/web   |       |     1 |       |       ||     1
       Distracted        |       |       |       |     4 ||     4
  Eat: Chunk             |       |     6 |     4 |    12 ||    22
       Ration            |       |       |     4 |     4 ||     8
Armor: Skin              |    32 |    33 |    37 |    99 ||   201
Dodge: Dodged            |    72 |    97 |   119 |   254 ||   542
Block: Shield            |       |       |       |    12 ||    12
       Rpst.: Long sword |    21 |    24 |    38 |     5 ||    88
       Scimitar          |       |       |       |    37 ||    37

Table legend:
 A = Non-vault XP
 B = Vault XP
 C = Vault XP percentage of total XP
 D = Non-vault monster count
 E = Vault monster count
 F = Vault count percentage of total count
                 A         B        C        D         E       F
            +---------+---------+-------+---------+---------+-------
      Total |   12318 |    7898 |  39.1 |     209 |      57 |  21.4
            +---------+---------+-------+---------+---------+-------
        D:1 |      36 |       0 |   0.0 |      19 |       0 |   0.0
        D:2 |     171 |       0 |   0.0 |      25 |       0 |   0.0
        D:3 |     111 |       0 |   0.0 |      23 |       0 |   0.0
        D:4 |      20 |     683 |  97.2 |       8 |       2 |  20.0
        D:5 |     278 |     513 |  64.9 |       9 |       2 |  18.2
        D:6 |     883 |       0 |   0.0 |      15 |       0 |   0.0
        D:7 |     768 |    3288 |  81.1 |      14 |      23 |  62.2
        D:8 |     843 |     902 |  51.7 |      28 |       1 |   3.4
        D:9 |    5164 |    1063 |  17.1 |      36 |      18 |  33.3
       D:10 |     930 |    1449 |  60.9 |       6 |      11 |  64.7
       D:11 |    2909 |       0 |   0.0 |      23 |       0 |   0.0
       D:12 |     205 |       0 |   0.0 |       3 |       0 |   0.0
            +---------+---------+-------+---------+---------+-------
